 Dungeon Crawl Stone Soup version 0.32-a0-460-gc8eefc90e7 (webtiles) character file.

Game seed: 5900796920683416597

1397 Morbidden the Shooter (level 9, -5/72 HPs)
             Began as a Formicid Hunter on Feb 24, 2024.
             Was a Follower of Cheibriados.
             Slain by a lemure (6 damage)
             ... led by Pikel
             ... on level 7 of the Dungeon.
             The game lasted 00:08:39 (7150 turns).

Morbidden the Shooter (Formicid Hunter)             Turns: 7150, Time: 00:08:40

Health: -5/72      AC: 11    Str: 16 (19) XL:     9   Next: 0%
Magic:  10/10      EV:  9    Int: 10 (12) God:    Cheibriados [*.....]
Gold:   454        SH:  5    Dex: 22 (24) Spells: 8/8 levels left

rFire   . . .        b - +0 short sword (venom)
rCold   . . .        (no shield)
rNeg    . . .        h - +0 chain mail
rPois   .            (helmet unavailable)
rElec   .            (no cloak)
rCorr   .            u - +1 pair of gloves
SInv    +            (no boots)
Will    ++...        v - amulet of reflection Stlth
                     r - ring of willpower
HPRegen 0.32/turn    (no ring)
MPRegen 0.12/turn

%: reflection
@: enlightened, flying, very slow
A: permanent stasis, dig shafts and tunnels, antennae 3, four strong arms,
deterioration 1, robust 1, evolution 1
a: Dig, Shaft Self, Renounce Religion, Bend Time


You were on level 7 of the Dungeon.
You worshipped Cheibriados.
Cheibriados was aware of your devotion.
You visited 2 branches of the dungeon, and saw 10 of its levels.

You collected 454 gold pieces.

Inventory:

Hand Weapons
 a - a +0 shortbow
 b - a +0 short sword of venom (weapon)
 c - a +0 rapier
Missiles
 f - 8 poisoned darts
Armour
 h - a +0 chain mail (worn)
 u - a +1 pair of gloves (worn)
Jewellery
 i - a ring of fire
 r - a ring of willpower (left hand)
 v - an amulet of reflection (around neck)
 A - a +4 ring of protection
Wands
 x - a wand of paralysis (2)
Scrolls
 d - a scroll of blinking
 g - a scroll of vulnerability {unknown}
 k - a scroll of enchant weapon {unknown}
 l - 3 scrolls of fear {unknown}
 n - 6 scrolls of teleportation {unknown}
 o - a scroll of poison {unknown}
 p - 5 scrolls of identify {unknown}
 s - 2 scrolls of noise {unknown}
 y - a scroll of revelation {unknown}
 B - a scroll of torment {unknown}
Potions
 e - a potion of curing
 j - 2 potions of haste
 t - a potion of enlightenment
 z - a potion of mutation


   Skills:
 * Level 4.6 Fighting
 * Level 2.9 Short Blades
 * Level 7.4 Ranged Weapons
 * Level 4.6 Armour
 * Level 3.3 Dodging
 + Level 2.5 Stealth
 * Level 3.0 Shields
 * Level 2.2 Invocations


You had 8 spell levels left.
You didn't know any spells.
Your spell library contained the following spells:

 Spells                   Type           Power      Damage    Failure   Level
 Sublimation of Blood     Necr           0%         N/A       99%         2
 Petrify                  Alch/Erth      0%         N/A       100%        4
 Irradiate                Conj/Alch      0%         3d11      100%        5
 Summon Forest            Summ/Tloc      0%         N/A       100%        5
 Summon Mana Viper        Hex/Summ       0%         N/A       100%        5
 Summon Cactus Giant      Summ           0%         N/A       100%        6


Dungeon Overview and Level Annotations

Branches:
Dungeon (9/15)             Temple (1/1) D:5
   Lair: D:8-11         Orc: D:9-12

Altars:
Ashenzari
Cheibriados
Dithmenos
Elyvilon
Fedhas
Gozag
Hepliaklqana
Makhleb
Nemelex Xobeh
Ru
Sif Muna
Trog
Vehumet
Wu Jian
Xom
Yredelemnul
The Shining One

Annotations:
D:5 2 transporters, ballabu's ghost, novice FoHu
D:8 Pikel


Innate Abilities, Weirdness & Mutations

You cannot be hasted, slowed, berserked, paralysed or teleported.
You can dig through walls and to a lower floor.
You have a pair of large antennae on your head. (SInv)
Your four strong arms can wield two-handed weapons with a shield.
Your body sometimes deteriorates upon taking damage.
You are robust. (+10% HP)
You have hidden genetic potential.


Message History

The lemure hits you but does no damage.
Unknown command.
It was a potion of mutation.
You feel extremely strange.
You feel yourself wasting away.
You feel robust.
You feel a hidden potential growing inside you.
The white imp gestures at you. The puff of frost hits you!
* * * LOW HITPOINT WARNING * * *
The lemure closely misses you.
You hit the white imp.
The white imp is heavily wounded.
The white imp hits you but does no damage.
The lemure hits you but does no damage.
Unknown command.
You hit the white imp but do no damage.
The white imp is heavily wounded.
The white imp hits you but does no damage.
You block the lemure's attack.
Unknown command.
Unknown command.
You hit the lemure.
The lemure looks as sick as possible!
The lemure is severely wounded.
The white imp gestures at you. The puff of frost hits you.
* * * LOW HITPOINT WARNING * * *
Unknown command.
Unknown command.
You barely miss the white imp.
The white imp is heavily wounded.
The lemure hits you.
* * * LOW HITPOINT WARNING * * *
The white imp barely misses you.
Unknown command.
Unknown command.
You hit the white imp.
The white imp is heavily wounded.
You kill the lemure!
That felt strangely unrewarding.
The lemure hits you.
You die...
Cheibriados appreciates the motionlessness of death.

##..# #.#
..####...########.#
..................#
....##..###########
... #..# ). #..#
..####.>#
#.......#######
.###....5@5...#
.......######.#
....... .......
.....). .......
#......


You could see a lemure (extremely poisoned) and a white imp.

Vanquished Creatures
  A steam dragon (D:6)
  A vampire mosquito (D:7)
  A water moccasin (D:5)
  A black bear (D:5)
  An ice beast (D:6)
  An ogre (D:4)
  A lemure (D:7)
  A phantom (D:7)
  A kobold brigand (D:6)
  A scorpion (D:6)
  A howler monkey (D:6)
  3 orc priests
  3 hounds
  3 sleepcaps
  Terence (D:3)
  4 orc wizards
  An iguana (D:5)
  3 adders
  A shadow imp (D:6)
  2 white imps (D:6)
  2 ufetubi (D:6)
  3 dart slugs
  3 ribbon worms
  12 orcs
  A bat (D:1)
  4 endoplasms
  A giant cockroach (D:2)
  6 goblins
  5 hobgoblins
  11 jackals
  6 kobolds
  4 quokkas
  6 ball pythons
  3 frilled lizards
  4 rats
103 creatures vanquished.

Notes
Turn   | Place    | Note
-------+----------+-------------------------------------------
     0 | D:1      | Morbidden the Formicid Hunter began the quest for the Orb.
     0 | D:1      | Reached XP level 1. HP: 16/16 MP: 1/1
    85 | D:1      | Reached XP level 2. HP: 22/22 MP: 2/2
   147 | D:1      | Reached skill level 1 in Armour
   483 | D:1      | Reached XP level 3. HP: 28/28 MP: 3/3
   889 | D:2      | Found a sacrificial altar of Ru.
   981 | D:2      | Found a faded altar of an unknown god.
  1120 | D:2      | Reached XP level 4. HP: 34/34 MP: 4/4
  1477 | D:3      | Reached skill level 5 in Ranged Weapons
  1575 | D:3      | Noticed Terence
  2368 | D:3      | Killed Terence
  2369 | D:3      | Reached XP level 5. HP: 23/39 MP: 5/5
  2512 | D:4      | Noticed an ogre
  2517 | D:4      | Killed an ogre
  2518 | D:4      | Reached skill level 1 in Shields
  2518 | D:4      | Reached XP level 6. HP: 21/46 MP: 6/6
  3254 | D:4      | Reached skill level 6 in Ranged Weapons
  3583 | D:4      | Reached skill level 1 in Short Blades
  3599 | D:5      | Entered Level 5 of the Dungeon
  3783 | D:5      | Found a transporter.
  3787 | D:5      | Noticed ballabu's ghost (novice FoHu)
  3804 | D:5      | Found a transporter.
  3808 | D:5      | Noticed a black bear
  3819 | D:5      | Killed a black bear
  3820 | D:5      | Reached XP level 7. HP: 46/52 MP: 7/7
  4046 | D:5      | Noticed a water moccasin
  4062 | D:5      | Killed a water moccasin
  4064 | D:5      | Found a staircase to the Ecumenical Temple.
  4207 | Temple   | Entered the Ecumenical Temple
  4276 | Temple   | Became a worshipper of Cheibriados the Contemplative
  4777 | D:6      | Found a blossoming altar of Fedhas.
  4970 | D:6      | Reached XP level 8. HP: 14/60 MP: 8/8
  4978 | D:6      | HP: 3/60 [poisoned by a scorpion]
  5469 | D:6      | Reached skill level 7 in Ranged Weapons
  5469 | D:6      | Reached skill level 1 in Invocations
  5679 | D:6      | Reached * piety under Cheibriados
  6191 | D:6      | You fall into a shaft and drop 3 floors!
  6674 | D:7      | Reached XP level 9. HP: 34/66 MP: 10/10
  6907 | D:6      | You fall into a shaft and drop 2 floors!
  7109 | D:8      | Noticed Pikel
  7145 | D:7      | Gained mutation: Your body sometimes deteriorates upon
                  | taking damage. [potion of mutation]
  7145 | D:7      | Gained mutation: You are robust. (+10% HP) [potion of
                  | mutation]
  7145 | D:7      | Gained mutation: You have hidden genetic potential. [potion
                  | of mutation]
  7148 | D:7      | HP: 3/72 [white imp/puff of frost (5)]
  7149 | D:7      | HP: 1/72 [lemure[Pikel] (3)]
  7150 | D:7      | Slain by a lemure

Illustrated notes

Levels and vault maps discovered:
D:1:      psy_arrival_fountain, layout_basic
D:2:      layout_basic, hellmonk_ecumenical_altar_crossroads, basic_altar,
          hangedman_decor_growths
D:3:      layout_basic, nicolae_wormholes, uniq_terence
D:4:      layout_gridville, roderic_serpentine_path
D:5:      layout_rooms, minmay_temple_entry_waves, gammafunk_ghost_stat_death,
          minmay_misc_feat_tower, minmay_misc_feat_chi
D:6:      lemuel_insect_pit, layout_basic, fedhas_altar_2, roderic_lattice_a,
          kennysheep_small_spiral, corexii_shack, minmay_divided_ellipse
D:7:      layout_loops_ring, chequers_serial_rivers_micro_c
D:8:      layout_gridville, serial_glass, glass_columns_c, glass_columns_a,
          uniq_pikel
D:9:      nzn_winding_woodlands_small [nzn_winding_woodlands_5x15_sidewinder,
          nzn_winding_woodlands_center_lodge, nzn_winding_woodlands_5x15_pool],
          layout_layer_cave, nicolae_uskayaw_murder_on_the_dancefloor,
          mainiacjoe_overflow_alcove_4, dpeg_oklobed_lair
Temple:   minmay_temple_bridge_d

Skill      XL: |  1  2  3  4  5  6  7  8 |
---------------+-------------------------+-----
Armour         | 1 2 3 4 |  4.6
Dodging        | 2 3 |  3.3
Ranged Weapons | 5 6 7 |  7.4
Shields        | 1 3 |  3.0
Fighting       | 3 4 |  4.6
Short Blades   | 1 2 |  2.9
Stealth        | 2 |  2.5
Invocations    | 2 |  2.2

Action                     |  1- 3 |  4- 6 |  7- 9 || total
---------------------------+-------+-------+-------++-------
  Melee: Rapier            |       |    29 |   190 ||   219
         Short sword       |       |       |    23 ||    23
   Fire: Shortbow          |    93 |   167 |   134 ||   394
Ability: Shaft Self        |       |       |     2 ||     2
  Evoke: Wand              |       |     3 |     2 ||     5
    Use: Potion            |       |     2 |     9 ||    11
         Scroll            |       |       |     2 ||     2
   Stab: Paralysed         |       |     3 |     2 ||     5
 Armour: Leather armour    |    28 |    24 |       ||    52
         Chain mail        |       |    87 |   352 ||   439
  Dodge: Dodged            |    24 |    64 |   185 ||   273
  Block: Other             |       |    34 |    94 ||   128
         Reflection        |       |     1 |     1 ||     2

Table legend: (Time is in decaauts)
 A = Elapsed time spent in this place.
 B = Non-inter-level travel time spent in this place.
 C = Inter-level travel time spent in this place.
 D = Time resting spent in this place.
 E = Time spent auto-exploring this place.
 F = Levels seen in this place.
 G = Mean time per level.
                   A        B        C        D        E       F      G
               +--------+--------+--------+--------+--------+-----+--------+
         Total |   7548 |   7167 |    381 |   2076 |   3620 |  10 |  754.8 |
       Dungeon |   7388 |   7162 |    226 |   2076 |   3620 |   9 |  820.9 |
        Temple |    160 |      5 |    155 |      0 |      0 |   1 |  160.0 |
               +--------+--------+--------+--------+--------+-----+--------+

Top non-repeatable levels by time:
     D:6: 1660 daAuts
     D:4: 1257 daAuts
     D:5: 1123 daAuts
     D:3: 944 daAuts
     D:1: 885 daAuts
     D:2: 574 daAuts
     D:7: 371 daAuts
     D:8: 343 daAuts
     D:9: 227 daAuts
  Temple: 160 daAuts
